 Dungeon Crawl Stone Soup version 0.25.1-8-g42b30a86e7 (webtiles) character file.

Game seed: 17972447017753099020

8929 hawla the Thaumaturge (level 11, -10/123 HPs)
             Began as a Yellow Draconian Conjurer on Dec 9, 2020.
             Was a Priest of Vehumet.
             Mangled by a komodo dragon (12 damage)
             ... on level 9 of the Dungeon.
             The game lasted 00:45:55 (16654 turns).

hawla the Thaumaturge (Yellow Draconian Conjurer)  Turns: 16654, Time: 00:45:55

Health: -10/123    AC: 25    Str: 10    XL:     11   Next: 16%
Magic:  14/25      EV:  2    Int: 20    God:    Vehumet [***...]
Gold:   516        SH:  5    Dex: 17    Spells: 23/30 levels left

rFire    + . .     SeeInvis .   e - staff of wizardry
rCold    x . .     Gourm    .   (no shield)
rNeg     + + +     Faith    .   (armour unavailable)
rPois    +         Spirit   .   (helmet currently unavailable)
rElec    .         Reflect  +   (cloak currently unavailable)
rCorr    .         Harm     .   (gloves currently unavailable)
MR       .....     NoTele   +   (boots currently unavailable)
Stlth    ++........             h - amulet of reflection
HPRegen  0.30/turn              l - +6 ring of dexterity
MPRegen  0.19/turn              y - ring of fire

@: tree-form
A: (spit acid), unfitting armour, mutation resistance 1, AC +7
a: Renounce Religion


You were on level 9 of the Dungeon.
You worshipped Vehumet.
Vehumet was most pleased with you.
You were not hungry.
You were a tree.
You visited 2 branches of the dungeon, and saw 10 of its levels.
You also visited: Bailey.

You collected 516 gold pieces.

Inventory:

Hand Weapons
 a - a +0 lajatang
Missiles
 d - 6 boomerangs (quivered)
 k - 6 poisoned darts
Armour
 f - the +2 ratskin cloak (melded) {+Rats rPois rN+ Str-1 Int-1 Dex+1}
   (You found it on level 5 of the Dungeon)

   It affects your strength (-1).
   It affects your intelligence (-1).
   It affects your dexterity (+1).
   It protects you from poison.
   It protects you from negative energy.
 q - a +1 pair of gloves (melded)
Magical Staves
 e - an uncursed staff of wizardry (weapon)
Jewellery
 h - an amulet of reflection (around neck)
 l - a +6 ring of dexterity (left branch)
 y - a ring of fire (right branch)
Wands
 m - a wand of flame (13)
 p - a wand of acid (12)
 t - a wand of polymorph (12)
 u - a wand of paralysis (4)
 v - a wand of enslavement (10)
 x - a wand of iceblast (10)
 z - a wand of digging (6)
Scrolls
 c - 3 scrolls of magic mapping
 g - a scroll of enchant armour
 o - 3 scrolls of identify
 s - 3 scrolls of remove curse
Potions
 j - 2 potions of mutation
 r - a potion of resistance
 w - 2 potions of might
Comestibles
 b - 7 rations


   Skills:
 + Level 3.3 Fighting
 + Level 3.7 Staves
 + Level 0.1 Throwing
 + Level 3.7 Dodging
 + Level 2.7 Stealth
 + Level 10.0 Spellcasting
 + Level 9.9 Conjurations
 + Level 7.8 Translocations
 + Level 1.3 Evocations


You had 23 spell levels left.
You knew the following spells:

 Your Spells              Type           Power        Failure   Level  Hunger
a - Magic Dart            Conj           ####         1%          1    None
b - Searing Ray           Conj           #####.       1%          2    None
c - Iskenderun's Mystic   Conj/Tloc      #####...     1%          4    ##.....

Your spell library contained the following spells:

 Spells                   Type           Power        Failure   Level  Hunger
 Mephitic Cloud           Conj/Pois/Air  ###.....     1%          3    None
 Dazzling Flash           Conj/Hex       ####..       1%          3    None
 Fulminant Prism          Conj/Hex       ####......   1%          4    ##.....
 Beastly Appendage        Tmut           ##....       2%          1    None
 Sticks to Snakes         Tmut           ##......     4%          2    None
 Spider Form              Tmut/Pois      ##........   9%          3    None
 Ice Form                 Ice/Tmut       ##......     26%         4    ##.....
 Blade Hands              Tmut           ##........   56%         5    ####...


Dungeon Overview and Level Annotations

Branches:
Dungeon (9/15)             Temple (1/1) D:7            Lair (0/6) D:9
 Bailey (visited)
    Orc: D:9-12

Altars:
Ashenzari
Cheibriados
Dithmenos
Elyvilon
Fedhas
Gozag
Hepliaklqana
Kikubaaqudgha
Makhleb
Nemelex Xobeh
Okawaru
Qazlal
Ru
Sif Muna
Trog
Uskayaw
Vehumet
Wu Jian
Xom
Yredelemnul
Zin
The Shining One

Shops:
D:4 ?


Innate Abilities, Weirdness & Mutations

((You can spit globs of acid.))
((Your golden yellow scales are hard. (AC +7)))
You cannot fit into any form of body armour.
((You are cold-blooded and may be slowed by cold attacks.))
((You are resistant to acid. (rCorr)))
You are somewhat resistant to further mutation.


Message History

The komodo dragon bites you!!
* * * LOW HITPOINT WARNING * * *
The komodo dragon bites you!!
* * * LOW HITPOINT WARNING * * *
Really quaff the potion of lignification?
You turn into a tree.
The +2 ratskin cloak {+Rats rPois rN+ Str-1 Int-1 Dex+1} melds into your body.
Your +1 pair of gloves melds into your body.
Your roots penetrate the ground.
The komodo dragon bites you but does no damage.
Casting: Searing Ray (safe; 1% risk of failure)
Confirm with . or Enter, or press ? or * to list all spells.
Aiming: Searing Ray (safe; 1% risk of failure)
Press: ? - help, Shift-Dir - straight line, f/p - komodo dragon
Aim: a komodo dragon (almost dead)
The searing ray hits the komodo dragon.
The komodo dragon is almost dead. (Press . to maintain the ray.)
The komodo dragon bites you!
You die...

### ###.#.#...#.#.#.##
#. #############..####.
#...........+÷÷÷.
#...........###'.
#.....##....##...
#######....########...
#..............# #...
##.........## #...
#♣#....._...# #...
#..l##.........###...
.......#..#.............
....#..#..#...######....
### ..##..##### #.##.
#.. ..## #.### #..#..
#.... #..#.. ##### ##.


You could see a komodo dragon.

Vanquished Creatures
  Erolcha (D:9)
  A centaur warrior (D:9)
  Joseph (D:7)
  Maggie (D:7)
  2 hornets (D:8)
  Grinder (D:5)
  A hippogriff (D:6)
  A wyvern (D:8)
  Eustachio (D:4)
  A basilisk (D:9)
  Menkaure (D:7)
  A soldier ant (D:8)
  A water moccasin (D:6)
  Edmund (D:5)
  2 porcupines (D:9)
  3 black bears
  3 orc warriors
  A sky beast (D:8)
  3 ogres
  8 phantoms
  2 centaurs
  3 crocodiles (D:9)
  5 bullfrogs
  A water moccasin skeleton (D:7)
  A wyvern skeleton (D:9)
  2 scorpions (D:4)
  9 wights
  5 howler monkeys
  4 crimson imps
  2 bullfrog zombies (D:9)
  A centaur zombie (D:9)
  4 jellies
  5 hounds
  5 orc priests
  2 bullfrog skeletons (D:4)
  12 orc wizards
  2 centaur skeletons
  Terence (D:3)
  3 iguanas
  3 hell rats (D:5)
  11 worker ants
  A killer bee zombie (D:6)
  A hound zombie (D:5)
  A howler monkey zombie (D:9)
  2 worker ant zombies
  11 gnolls
  A howler monkey skeleton (D:7)
  13 adders
  4 river rats (D:5)
  2 oozes
  An adder zombie (D:9)
  2 adder skeletons
  3 worms (D:3)
  A dart slug (D:1)
  4 leopard geckos
  42 orcs
  11 giant cockroaches
  13 goblins
  8 hobgoblins
  7 jackals
  5 kobolds
  3 quokkas
  A ball python (D:2)
  3 bats
  5 frilled lizards
  A quokka zombie (D:5)
  23 rats
287 creatures vanquished.

Vanquished Creatures (others)
  A bush (D:9)
  3 fungi (D:9)
  13 plants (D:9)
17 creatures vanquished.

Grand Total: 304 creatures vanquished

Notes
Turn   | Place    | Note
-------+----------+-------------------------------------------
     0 | D:1      | hawla the Draconian Conjurer began the quest for the Orb.
     0 | D:1      | Reached XP level 1. HP: 14/14 MP: 3/3
   272 | D:1      | Reached XP level 2. HP: 18/20 MP: 1/5
   276 | D:1      | Learned a level 2 spell: Searing Ray
   559 | D:1      | Reached skill level 3 in Spellcasting
  1200 | D:2      | Reached XP level 3. HP: 26/26 MP: 3/7
  1264 | D:2      | Found an iron altar of Okawaru.
  1847 | D:2      | Reached skill level 4 in Spellcasting
  1946 | D:2      | Reached XP level 4. HP: 33/33 MP: 1/10
  2424 | D:2      | Found a snail-covered altar of Cheibriados.
  3306 | D:3      | Learned a level 4 spell: Iskenderun's Mystic Blast
  3699 | D:3      | Noticed Terence
  3778 | D:3      | Reached skill level 1 in Translocations
  3785 | D:3      | Found a glowing golden altar of the Shining One.
  3789 | D:3      | Killed Terence
  3789 | D:3      | Reached XP level 5. HP: 34/38 MP: 1/12
  4350 | D:4      | Noticed a phantom
  4457 | D:4      | Killed a phantom
  4457 | D:4      | Reached skill level 5 in Spellcasting
  4457 | D:4      | Reached XP level 6. HP: 45/45 MP: 6/13
  4612 | D:4      | Found Loradequ's Magic Scroll Emporium.
  4865 | D:4      | Found a bloodstained altar of Trog.
  5576 | D:4      | Your scales start taking on a golden yellow colour.
  5576 | D:4      | Reached XP level 7. HP: 50/50 MP: 9/15
  5576 | D:4      | Gained mutation: You are resistant to acid. (rCorr) [Yellow
                  | Draconian growth]
  6466 | D:4      | Reached skill level 6 in Spellcasting
  6545 | D:4      | Reached skill level 5 in Translocations
  6837 | D:4      | Reached skill level 5 in Conjurations
  6964 | D:4      | Found a shadowy altar of Dithmenos.
  7035 | D:5      | Entered Level 5 of the Dungeon
  7154 | D:5      | Noticed Eustachio
  7164 | D:4      | Gained mutation: You are somewhat resistant to further
                  | mutation. [potion of mutation]
  7220 | D:4      | Killed Eustachio
  7220 | D:4      | Reached XP level 8. HP: 43/57 MP: 0/17
  7538 | D:5      | Noticed Grinder
  7786 | D:5      | Noticed Edmund
  7799 | D:5      | Killed Edmund
  7953 | D:5      | Found an ancient bone altar of Kikubaaqudgha.
  8247 | D:4      | Found a white marble altar of Elyvilon.
  8270 | D:5      | Killed Grinder
  8412 | D:5      | Reached skill level 7 in Spellcasting
  9631 | D:5      | Found the +2 ratskin cloak {+Rats rPois rN+ Str-1 Int-1
                  | Dex+1}
  9983 | D:6      | Reached XP level 9. HP: 62/62 MP: 4/20
 10099 | D:6      | Found a radiant altar of Vehumet.
 10124 | D:6      | Became a worshipper of Vehumet
 11129 | D:6      | Found a burning altar of Makhleb.
 11134 | D:6      | Reached skill level 1 in Fighting
 11437 | D:7      | Reached skill level 1 in Staves
 11843 | D:6      | Reached skill level 8 in Spellcasting
 11898 | D:7      | Reached * piety under Vehumet
 11898 | D:7      | Offered knowledge of Shock by Vehumet.
 12051 | D:7      | Noticed Maggie
 12065 | D:7      | Killed Maggie
 12221 | D:7      | Noticed Menkaure
 12227 | D:7      | Killed Menkaure
 12445 | D:7      | Noticed Joseph
 12458 | D:7      | Killed Joseph
 12744 | D:7      | Found a staircase to the Ecumenical Temple.
 12996 | Temple   | Entered the Ecumenical Temple
 13366 | D:8      | Reached XP level 10. HP: 73/73 MP: 20/22
 13412 | D:8      | Found a flagged portal.
 13432 | Bailey   | Entered a bailey
 13717 | Bailey   | Offered knowledge of Sandblast by Vehumet.
 13979 | Bailey   | Reached ** piety under Vehumet
 15009 | D:8      | Reached skill level 9 in Spellcasting
 15892 | D:9      | Offered knowledge of Static Discharge by Vehumet.
 16058 | D:9      | Noticed Erolcha
 16062 | D:9      | Paralysed by Erolcha for 5 turns
 16084 | D:9      | Killed Erolcha
 16114 | D:9      | Noticed a centaur warrior
 16115 | D:9      | Reached *** piety under Vehumet
 16118 | D:9      | Killed a centaur warrior
 16118 | D:9      | Reached skill level 1 in Evocations
 16118 | D:9      | Reached XP level 11. HP: 79/82 MP: 13/24
 16268 | D:9      | Found an opulent altar of Gozag.
 16347 | D:9      | Offered knowledge of Mephitic Cloud by Vehumet.
 16509 | D:9      | Found a staircase to the Lair.
 16592 | D:9      | Reached skill level 10 in Spellcasting
 16623 | D:9      | Found a burning altar of Makhleb.
 16652 | D:9      | HP: 1/82 [komodo dragon (23)]
 16654 | D:9      | Mangled by a komodo dragon

Illustrated notes

Levels and vault maps discovered:
D:1:      giann_bridges, layout_basic
D:2:      layout_loops_corners, okawaru_altar_gauntlet_db, cheibriados_altar_1,
          serial_forest, infiniplex_forest_lined_room_2,
          infiniplex_forest_end_1, infiniplex_forest_clump_diagonal,
          infiniplex_forest_clump_tiny, infiniplex_forest_clump_medium,
          infiniplex_forest_clump_diagonal, infiniplex_forest_lined_1,
          infiniplex_forest_corner_2, infiniplex_forest_straight_2,
          infiniplex_forest_clump_cross
D:3:      layout_loops_corners, tso_oasis_becter, first_ration, uniq_terence
D:4:      layout_basic, nicolae_dithmenos_through_a_glass_darkly,
          nicolae_overflow_hidden_temple, bloody_trog, serial_shops, shop
D:5:      wander_guarded_unrand_ratskin, layout_rooms,
          lemuel_coloured_pillars_altar, uniq_edmund, uniq_grinder,
          uniq_eustachio
D:6:      cheibrodos_quashed, layout_basic, makhleb_grotto_becter,
          vehumet_altar_wand_db, corexii_checkpoint_b,
          chequers_serial_rivers_small_a
D:7:      layout_cave_pods, minmay_temple_entry_enclosed_plants, uniq_joseph,
          uniq_maggie, uniq_menkaure
D:8:      layout_cave_pools, enter_bailey_7, hangedman_pestilent_swarm
D:9:      layout_basic, grunt_gozag_statues, minmay_lair_entry_grove,
          basic_altar, hangedman_abyss_or_decor_stagger, nrook_mini_backslash,
          minmay_misc_feat_alley, serial_bayou_pond_a, minmay_pinched_square,
          uniq_erolcha
Temple:   minmay_temple_forest_path

Skill      XL: |  1  2  3  4  5  6  7  8  9 10 11 |
---------------+----------------------------------+-----
Spellcasting   | 3 4 5 6 7 8 9 10 | 10.0
Translocations | 1 3 4 5 6 7 |  7.8
Conjurations   | 5 6 7 9 |  9.9
Dodging        | 2 3 |  3.7
Fighting       | 2 3 |  3.3
Staves         | 3 |  3.7
Stealth        | 2 |  2.7
Evocations     | 1 |  1.3
Throwing       | |  0.1

Action                   |  1- 3 |  4- 6 |  7- 9 | 10-12 || total
-------------------------+-------+-------+-------+-------++-------
Melee: Unarmed           |    76 |    67 |       |       ||   143
       Tailslap          |     3 |    20 |     6 |       ||    29
       Short sword       |       |    42 |    45 |       ||    87
       Lajatang          |       |       |    14 |       ||    14
       Staff             |       |       |       |    20 ||    20
Throw: Boomerang         |       |       |     3 |       ||     3
 Cast: Magic Dart        |    49 |    62 |   119 |    97 ||   327
       Searing Ray       |    10 |    41 |   102 |    77 ||   230
       Iskenderun's Myst |       |     4 |    25 |    27 ||    56
 Abil: Breathe Acid      |       |       |       |     2 ||     2
       Evoke Ratskin     |       |       |       |     1 ||     1
Evoke: Wand              |       |       |       |     8 ||     8
  Use: Scroll            |     4 |     3 |    10 |     5 ||    22
       Potion            |     2 |     2 |     5 |     6 ||    15
  Eat: Chunk             |     4 |    11 |    17 |    11 ||    43
       Ration            |       |     1 |     2 |     1 ||     4
Armor: Skin              |    12 |    25 |    63 |    30 ||   130
Dodge: Dodged            |    56 |    69 |   137 |    59 ||   321
Block: Other             |    20 |    43 |    51 |    31 ||   145
       Reflection        |     5 |     1 |     1 |     3 ||    10
